 Dungeon Crawl Stone Soup version 0.21-a0-241-g2cbab09 (webtiles) character file.

378 tidbits the Insei (level 6, -9/46 HPs)
             Began as a Demigod Transmuter on Sept 3, 2017.
             Killed by divine providence
             ... invoked by an orc priest
              (17 damage)
             ... on level 6 of the Dungeon.
             The game lasted 00:21:49 (2232 turns).

tidbits the Insei (Demigod Transmuter)              Turns: 2232, Time: 00:21:50

Health: -9/46      AC:  2    Str: 13    XL:     6   Next: 20%
Magic:  9/11       EV: 19    Int: 21    God:
Gold:   165        SH:  0    Dex: 21    Spells: 3/9 levels left

rFire    . . .     SeeInvis .     - Unarmed
rCold    . . .     Gourm    .   (shield currently unavailable)
rNeg     . . .     Faith    .   (armour currently unavailable)
rPois    x         Spirit   .   (helmet currently unavailable)
rElec    .         Reflect  .   (cloak currently unavailable)
rCorr    .         Harm     .   (gloves currently unavailable)
MR       .....                  (boots currently unavailable)
Stlth    ++........             (no amulet)
HPRegen  0.15/turn              (no ring)
MPRegen  0.12/turn              (no ring)

@: spider-form (expiring)
A: high mp 1
a: End Transformation


You were on level 6 of the Dungeon.
You were not hungry.
You were a venomous arachnid creature.
You visited 2 branches of the dungeon, and saw 7 of its levels.

You collected 165 gold pieces.

Inventory:

Hand Weapons
 b - a +0 hunting sling
 k - a +0 war axe
 q - a +0 blowgun
 s - a +0 blowgun
Missiles
 a - 117 arrows
 e - 83 stones (quivered)
 m - 41 sling bullets
 p - 26 poisoned needles
 y - 8 tomahawks
Armour
 n - a +0 robe (melded)
 C - a scarf of repulsion (melded)
   (You found it on level 4 of the Dungeon)
 F - a +0 pair of boots (melded)
Wands
 A - a wand of flame (22/48)
Scrolls
 i - a scroll of identify
 l - a scroll of teleportation {unknown}
 o - a scroll of fog {unknown}
 r - 2 scrolls of remove curse
 t - a scroll of recharging {unknown}
 u - a scroll of immolation {unknown}
 v - a scroll of magic mapping {unknown}
 z - a scroll of enchant armour {unknown}
Potions
 h - 2 potions of ambrosia
 j - 2 potions of heal wounds
 w - a potion of brilliance
 x - a potion of agility
 B - a potion of mutation {unknown}
Books
 c - a book of Changes

   Spells                             Type                      Level
   a - Beastly Appendage              Transmutation                1
   b - Sticks to Snakes               Transmutation                2
   c - Spider Form                    Transmutation/Poison         3
   d - Ice Form                       Ice/Transmutation            4
   e - Blade Hands                    Transmutation                5
Comestibles
 d - 2 bread rations
 f - 6 fruits
 g - a meat ration


   Skills:
 - Level 0.8 Fighting
 - Level 1.7 Dodging
 * Level 5.5 Unarmed Combat
 - Level 2.0 Spellcasting
 + Level 3.9 Transmutations


You had 3 spell levels left.
You knew the following spells:

 Your Spells              Type           Power        Failure   Level  Hunger
e - Beastly Appendage     Tmut           ###...       11%         1    #......
k - Sticks to Snakes      Tmut           ###.....     13%         2    ##.....
p - Spider Form           Tmut/Pois      ##........   41%         3    ###....


Dungeon Overview and Level Annotations

Branches:
Dungeon (6/15)             Temple (1/1) D:6

Shops:
D:5 *%

Annotations:
D:4 George's ghost, amateur MiFi


Innate Abilities, Weirdness & Mutations

You have an increased reservoir of magic. (+10% MP)


Message History

You swing at nothing.
You swing at nothing.
You swing at nothing.
You swing at nothing.
You swing at nothing.
You swing at nothing.
You swing at nothing.
You swing at nothing.
You swing at nothing.
You swing at nothing.
You swing at nothing.
You swing at nothing.
You swing at nothing.
You swing at nothing.
You swing at nothing.
You swing at nothing.
You swing at nothing.
You swing at nothing.
You swing at nothing.
You swing at nothing.
You swing at nothing.
You swing at nothing.
Casting: Sticks to Snakes
Confirm with . or Enter, or press ? or * to list all spells.
You miscast Spider Form.
You are very lightly contaminated with residual magic.
Wisps of poison gas drift from your hands.
You are feeling hungry.
You swing at nothing.
You swing at nothing.
You swing at nothing.
You swing at nothing.
You swing at nothing.
You swing at nothing.
You swing at nothing.
You swing at nothing.
You swing at nothing.
You swing at nothing.
You swing at nothing.
You swing at nothing.
Eat a chunk of flesh? (ye/n/q)
You eat the chunk of flesh.
This raw flesh tastes terrible.
You swing at nothing.
You swing at nothing.
You swing at nothing.
You swing at nothing.
You swing at nothing.
Casting: Spider Form
Confirm with . or Enter, or press ? or * to list all spells.
You turn into a venomous arachnid creature.
Your wand of flame (22/48) falls away!
You are now empty-handed.
Your scarf of repulsion melds into your body.
Your +0 pair of boots melds into your body.
Your +0 robe melds into your body.
The haze of the repulsion field disappears.
You can't go down here!
You climb upwards.
Welcome back to the Dungeon!
The orc priest looks encouraged for a moment.
The orc barely misses you.
There is a staircase to the Ecumenical Temple here.
The orc priest calls down the wrath of Beogh upon you.
Beogh smites you!
* * * LOW HITPOINT WARNING * * *
The orc hits you but does no damage.
Found a plate armour.
There is a fountain of clear blue water here.
You hit the orc priest.
The orc priest is poisoned.
The orc priest is moderately wounded.
The orc priest misses you. The orc hits you with a club.
* * * LOW HITPOINT WARNING * * *
You bite the orc priest!
The orc priest looks as sick as possible!
The orc priest is almost dead.
The orc priest closely misses you.
Your magical contamination has completely faded away.
You bite the orc priest!
You kill the orc priest!
The orc closely misses you.
You barely miss the orc. The orc misses you.
An orc priest comes into view.
You hit the orc.
The orc is heavily wounded.
The orc closely misses you.
You bite the orc!
You kill the orc!
You closely miss the orc priest. The orc priest misses you.
You hit the orc priest but do no damage.
The orc priest is poisoned.
Your transformation is almost over.
The orc priest barely misses you.
You completely miss the orc priest.
The orc priest invokes the aid of Beogh against you.
Pain shoots through your body!
* * * LOW HITPOINT WARNING * * *
You bite the orc priest!
The orc priest looks as sick as possible!
The orc priest is severely wounded.
The orc priest invokes the aid of Beogh against you.
Beogh smites you!
You die...

.##### ......#
#..S..(.##
#...oo...# #[.
###'### ..
#.....# .
#.#.⌠.[.### ...
#.'.)>..'.####...
###os.⌠.#........
#.)...#......##
###+###......#
#.#.......[#
#..........#
###........#
#........##
#.........#
#.......(.#


You could see an orc priest.

Vanquished Creatures
  A scorpion (D:4)
  A vampire bat (D:3)
  2 hounds
  An orc priest (D:6)
  An orc wizard (D:6)
  A worker ant (D:4)
  5 adders
  3 leopard geckos
  3 orcs
  9 bats
  3 giant cockroaches
  4 goblins
  3 hobgoblins
  9 jackals
  A frilled lizard (D:2)
  7 kobolds
  A leopard gecko skeleton (D:4)
  2 rats
57 creatures vanquished.

Vanquished Creatures (collateral kills)
  An ogre (D:4)
  2 hobgoblins
  A bat (D:2)
4 creatures vanquished.

Grand Total: 61 creatures vanquished

Notes
Turn   | Place    | Note
-------+----------+-------------------------------------------
     0 | D:1      | tidbits the Demigod Transmuter began the quest for the Orb.
     0 | D:1      | Reached XP level 1. HP: 15/15 MP: 5/5
   118 | D:1      | Reached skill level 2 in Spellcasting
   339 | D:3      | Reached skill level 2 in Transmutations
   387 | D:3      | Reached XP level 2. HP: 9/22 MP: 5/7
   391 | D:3      | Learned a level 2 spell: Sticks to Snakes
   484 | D:3      | Reached skill level 3 in Unarmed Combat
   759 | D:3      | Reached XP level 3. HP: 8/27 MP: 8/8
   764 | D:3      | Learned a level 3 spell: Spider Form
   783 | D:3      | Found a deep blue altar of Sif Muna.
   838 | D:4      | Noticed an ogre
   977 | D:4      | Killed an ogre
   977 | D:4      | Reached XP level 4. HP: 32/34 MP: 2/9
  1001 | D:4      | Found a snail-covered altar of Cheibriados.
  1054 | D:4      | Reached skill level 4 in Unarmed Combat
  1069 | D:4      | Noticed George's ghost (amateur MiFi)
  1228 | D:3      | Reached skill level 3 in Transmutations
  1680 | D:4      | Reached XP level 5. HP: 38/39 MP: 3/10
  1879 | D:5      | Entered Level 5 of the Dungeon
  1908 | D:5      | Reached skill level 5 in Unarmed Combat
  1941 | D:5      | Found Esorphuf's Food Shop.
  1983 | D:5      | Found Vos Vomn's General Store.
  2116 | D:6      | Found a staircase to the Ecumenical Temple.
  2134 | D:6      | Reached XP level 6. HP: 29/46 MP: 0/11
  2137 | Temple   | Entered the Ecumenical Temple
  2232 | D:6      | Killed from afar by an orc priest

Vault maps used:
D:1:      lightli_arrival_farm
D:2:      first_bread, uniq_sigmund
D:3:      minmay_misc_feat_nine_boxes, roderic_batcave, led_sif_pool
D:4:      cheibriados_altar_1
D:5:      serial_shops, shop, shop, shop_fountains, nicolae_shop_crystal
D:6:      kennysheep_slugbush, minmay_temple_entry_hall
Temple:   compressed_dpeg_circular_temple

Skill      XL: |  1  2  3  4  5 |
---------------+----------------+-----
Spellcasting   | 2 |  2.0
Transmutations | 2 3 |  3.9
Unarmed Combat | 3 4 5 |  5.5
Fighting       | |  0.8
Dodging        | |  1.7

Action                   |  1- 3 |  4- 6 || total
-------------------------+-------+-------++-------
Melee: Unarmed           |    42 |   105 ||   147
       Kick              |     5 |       ||     5
       Headbutt          |     3 |     2 ||     5
       Punch             |     1 |       ||     1
 Fire: Hunting sling     |    21 |     4 ||    25
Throw: Stone             |     8 |     7 ||    15
 Cast: Beastly Appendage |    12 |     3 ||    15
       Sticks to Snakes  |     6 |     7 ||    13
       Spider Form       |     1 |    16 ||    17
Evoke: Wand              |       |     8 ||     8
  Use: Scroll            |     3 |     3 ||     6
       Potion            |       |     1 ||     1
 Stab: Sleeping          |     1 |       ||     1
  Eat: Chunk             |     1 |     6 ||     7
       Royal jelly       |       |     1 ||     1
Armor: Robe              |     6 |    16 ||    22
       Skin              |       |    11 ||    11
Dodge: Dodged            |    26 |   109 ||   135

Table legend:
 A = Spawn XP
 B = Non-spawn XP
 C = Spawn XP percentage of total XP
 D = Spawn monster count
 E = Non-spawn monster count
 F = Spawn count percentage of total count
 G = Total turns spent on level
                    A         B        C        D         E        F      G
               +---------+---------+-------+---------+---------+-------+---------
         Total |      28 |     512 |   5.2 |       3 |      58 |   4.9 |  2232
               +---------+---------+-------+---------+---------+-------+---------
           D:1 |       2 |      15 |  11.8 |       1 |       9 |  10.0 |   292
           D:2 |       0 |      14 |   0.0 |       0 |       9 |   0.0 |   440
           D:3 |       0 |      94 |   0.0 |       0 |      17 |   0.0 |   526
           D:4 |      26 |     220 |  10.6 |       2 |      10 |  16.7 |   652
           D:5 |       0 |      55 |   0.0 |       0 |       4 |   0.0 |   168
           D:6 |       0 |      98 |   0.0 |       0 |       7 |   0.0 |    70
        Temple |       0 |      16 |   0.0 |       0 |       2 |   0.0 |    84
               +---------+---------+-------+---------+---------+-------+---------

Table legend:
 A = Turns spent in this place as a percentage of turns spent in the entire game.
 B = Non-inter-level travel turns spent in this place as a percentage of non-inter-level travel turns spent in the entire game.
 C = Inter-level travel turns spent in this place as a percentage of turns spent in this place.
 D = Turns resting spent in this place as a percentage of non-inter-level travel turns spent in this place.
 E = Turns spent auto-exploring this place as a percentage of non-inter-level travel turns spent in this place.
 F = Non-inter-level travel turns spent in this place divided by the number of levels of this place that you've seen.
                   A       B       C       D       E      F
               +-------+-------+-------+-------+-------+----------------------
         Total | 100.0 | 100.0 |   9.5 |   0.0 |   0.0 | 288.6
       Dungeon |  96.2 |  95.8 |   9.9 |   0.0 |   0.0 | 322.7
        Temple |   3.8 |   4.2 |   0.0 |   0.0 |   0.0 |  84.0
               +-------+-------+-------+-------+-------+----------------------

Table legend:
 A = Kills in this place as a percentage of kills in entire the game.
 B = Kills by you in this place as a percentage of kills by you in the entire game.
 C = Kills by friends in this place as a percentage of kills by friends in the entire game.
 D = Other kills in this place as a percentage of other kills in the entire game.
 E = Experience gained in this place as a percentage of experience gained in the entire game.
 F = Experience gained in this place divided by the number of levels of this place that you have seen.
                   A       B       C       D       E      F
               +-------+-------+-------+-------+-------+----------------------
         Total | 100.0 | 100.0 | 100.0 |   N/A | 100.0 |  77.1
       Dungeon |  96.7 |  96.5 | 100.0 |   N/A |  97.0 |  87.3
        Temple |   3.3 |   3.5 |   0.0 |   N/A |   3.0 |  16.0
               +-------+-------+-------+-------+-------+----------------------

Vault maps used:
D:1:      lightli_arrival_farm
D:2:      first_bread, uniq_sigmund
D:3:      minmay_misc_feat_nine_boxes, roderic_batcave, led_sif_pool
D:4:      cheibriados_altar_1
D:5:      serial_shops, shop, shop, shop_fountains, nicolae_shop_crystal
D:6:      kennysheep_slugbush, minmay_temple_entry_hall
Temple:   compressed_dpeg_circular_temple
